 Dungeon Crawl Stone Soup version 0.30-a0-242-g7bf8e6d787 (webtiles) character file.

Game seed: 18242301669213719829

4 KennySheep the Insei (level 1, 0/15 HPs)
             Began as a Demigod Transmuter on Oct 12, 2022.
             Slain by a quokka (1 damage)
             ... on level 1 of the Dungeon.
             The game lasted 00:00:58 (188 turns).

KennySheep the Insei (Demigod Transmuter)            Turns: 188, Time: 00:00:59

Health: 0/15       AC:  2    Str: 11    XL:     1   Next: 40%
Magic:  5/5        EV: 12    Int: 15    God:
Gold:   12         SH:  0    Dex: 14    Spells: 2/3 levels left

rFire   . . .      SeeInvis .      - Unarmed
rCold   . . .      Faith    .    (no shield)
rNeg    . . .      Spirit   .    a - +0 robe
rPois   .          Reflect  .    (helmet currently unavailable)
rElec   .          Harm     .    (no cloak)
rCorr   .          Rampage  .    (no gloves)
Will    .....                    (boots currently unavailable)
Stlth   +.........               (no amulet)
HPRegen 0.22/turn                (no ring)
MPRegen 0.09/turn                (no ring)

@: appendages (expiring)
A: horns 2, talons 2, high MP 1, forlorn, divine attributes
a: End Transformation


You were on level 1 of the Dungeon.
You had temporarily grown beastly horns and talons.
You visited 1 branch of the dungeon, and saw 1 of its levels.

You collected 12 gold pieces.

Inventory:

Missiles
 d - a throwing net
Armour
 a - a +0 robe (worn)
Potions
 b - 2 potions of lignification
 c - a potion of ambrosia {unknown}
 e - a potion of mutation {unknown}


   Skills:
 - Level 0.8 Fighting
 - Level 1.7 Dodging
 * Level 2.8 Unarmed Combat
 - Level 1.7 Spellcasting
 + Level 1.8 Transmutations
 + Level 0.2 Poison Magic


You had 2 spell levels left.
You knew the following spells:

 Your Spells              Type           Power      Damage    Failure   Level
a - Beastly Appendage     Tmut           12%        N/A       11%         1

Your spell library contained the following spells:

 Spells                   Type           Power      Damage    Failure   Level
 Wereblood                Tmut           6%         N/A       16%         2
 Spider Form              Tmut/Pois      4%         N/A       41%         3
 Ice Form                 Ice/Tmut       4%         N/A       83%         4


Dungeon Overview and Level Annotations

Branches:
Dungeon (1/15)

Shops:
D:1 =


Innate Abilities, Weirdness & Mutations

You have temporarily grown beastly horns and talons.
You have an increased reservoir of magic. (+10% MP)
You shall have no god before yourself.
Your divine heritage dramatically boosts your attributes as you level up.


Message History

A kobold comes into view. It is wielding a +1 dagger of speed.
Found a book of Party Tricks.
A kobold is nearby!
A kobold is nearby!
A quokka comes into view.
A kobold comes into view. It is wielding a +0 short sword.
The helpless kobold fails to defend itself.
You hit the kobold.
The kobold is moderately wounded.
The kobold hits you with a +1 dagger of speed.
Casting: Beastly Appendage (safe; 11% risk of failure)
Confirm with . or Enter, or press ? or * to list all spells.
You grow a pair of large bovine horns.
Your feet morph into talons.
The kobold closely misses you.
The kobold hits you with a +0 short sword.
The kobold attacks as you move away!
The kobold hits you with a +0 short sword.
Your transformation is almost over.
The kobold attacks as you move away! The kobold misses you.
The kobold hits you with a +1 dagger of speed.
The kobold barely misses you.
You barely miss the kobold. You claw the kobold, but do no damage.
Your headbutt misses the kobold.
The kobold is moderately wounded.
The kobold closely misses you.
You barely miss the kobold. You claw the kobold.
You kill the kobold!
The kobold hits you with a +0 short sword.
The quokka bites you.
* * * LOW HITPOINT WARNING * * *
You see here a +1 dagger of speed.
You hit the kobold.
The kobold is heavily wounded.
The quokka bites you.
* * * LOW HITPOINT WARNING * * *
The kobold closely misses you. The quokka completely misses you.
You barely miss the kobold. You punch the kobold.
You kill the kobold!
The quokka bites you.
You die...

#.. #.#..##### ###
#.#########...... ..
......#......#.##.####. ##
#.#..#.##........#..#. ...
....#.##.#.#.#..#.)#.
.##.###.##.##.#.#.#..#..#.
...........##.#.#.#..##.#.
......#.#####.#.#.#.....#.
........)@................
..#.###.r######.#.#.......
# # #.......#.#.########
#.......# . ......
#....#..#. ######
#....r..#. #.....
##:#....# #.###. #.####.#
###' ... ... #8#.


You could see a quokka.

Vanquished Creatures
  2 endoplasms (D:1)
  A bat (D:1)
  2 kobolds (D:1)
5 creatures vanquished.

Notes
Turn   | Place    | Note
-------+----------+-------------------------------------------
     0 | D:1      | KennySheep the Demigod Transmuter began the quest for the
                  | Orb.
     0 | D:1      | Reached XP level 1. HP: 15/15 MP: 5/5
    48 | D:1      | Found Antuonnu's Jewellery Emporium.
   188 | D:1      | Slain by a quokka

Illustrated notes

Levels and vault maps discovered:
D:1:      dpeg_arrival_renting, layout_basic, serial_shops, shop_fountains,
          shop_statue, nicolae_shop_hallway_plus

Action                   || total
-------------------------++-------
Melee: Unarmed           ||    19
       Kick              ||     2
       Punch             ||     1
 Cast: Beastly Appendage ||     1
 Stab: Sleeping          ||     1
Armor: Robe              ||     2
Dodge: Dodged            ||    14

Table legend: (Time is in decaauts)
 A = Elapsed time spent in this place.
 B = Non-inter-level travel time spent in this place.
 C = Inter-level travel time spent in this place.
 D = Time resting spent in this place.
 E = Time spent auto-exploring this place.
 F = Levels seen in this place.
 G = Mean time per level.
                   A        B        C        D        E       F      G
               +--------+--------+--------+--------+--------+-----+--------+
         Total |    186 |    186 |      0 |      0 |    130 |   1 |  186.0 |
       Dungeon |    186 |    186 |      0 |      0 |    130 |   1 |  186.0 |
               +--------+--------+--------+--------+--------+-----+--------+

Top non-repeatable levels by time:
     D:1: 186 daAuts
